 Dungeon Crawl Stone Soup version 0.26.1-11-gd32895ea62 (webtiles) character file.

Game seed: 5828983561732001694

18729 Mattiprrivan the Spear-Bearer (level 12, -11/116 HPs)
             Began as a Yellow Draconian Chaos Knight on Apr 30, 2021.
             Was a Plaything of Xom.
             Mangled by a troll (17 damage)
             ... on level 1 of the Orcish Mines on May 1, 2021.
             The game lasted 02:23:16 (14717 turns).

Mattiprrivan the Spear-Bearer (DrCK)               Turns: 14717, Time: 02:23:17

Health: -11/116    AC: 12    Str: 29    XL:     12   Next: 30%
Magic:  13/13      EV: 15    Int: 15    God:    Xom [.*....]
Gold:   1157       SH:  6    Dex: 15    Spells: 11/11 levels left

rFire    . . .     SeeInvis .   t - +3 trident (chaos)
rCold    . . .     Faith    .   g - +1 buckler
rNeg     + . .     Spirit   .   (armour unavailable)
rPois    .         Reflect  .   (helmet restricted)
rElec    .         Harm     .   f - +2 cloak {rCorr}
rCorr    +         Rampage  .   (no gloves)
Will     +++..     Clarity  +   v - +0 pair of boots
Stlth    ++++......             r - amulet of the Four Winds {rN+ Will+++ Clar}
HPRegen  0.29/turn              w - +6 ring of strength
MPRegen  0.13/turn              c - +6 ring of strength

@: no status effects
A: spit acid, unfitting armour, horns 1, stinger 1, camouflage 1, agile 1,
clarity, clever 1, high mp 1, robust 2, cold-blooded, acid resistance, AC +8
a: Breathe Acid, Renounce Religion


You were on level 1 of the Orcish Mines.
You worshipped Xom.
You were a plaything of Xom.
You visited 2 branches of the dungeon, and saw 12 of its levels.

You collected 1187 gold pieces.
You spent 30 gold pieces at shops.

Inventory:

Hand Weapons
 i - the +6 rapier "Adegogel" {chaos, +Rage rF+ Int+5 SInv}
   (Xom gifted it to you on level 4 of the Dungeon)

   Each time it hits an enemy it has a different, random effect.
   It affects your intelligence (+5).
   It protects you from fire.
   It lets you see invisible.
   It lets you go berserk.
 t - a +3 trident of chaos (weapon)
Missiles
 d - 52 poisoned darts (quivered)
 j - 39 boomerangs
Armour
 f - a +2 cloak of preservation (worn)
 g - a +1 buckler (worn)
 v - a +0 pair of boots (worn)
Magical Staves
 l - an uncursed staff of cold
Jewellery
 c - a +6 ring of strength (right hand)
 e - an uncursed ring of see invisible
 p - an uncursed ring of protection from cold
 r - the amulet of the Four Winds (around neck) {rN+ Will+++ Clar}
   (You found it on level 6 of the Dungeon)

   [amulet of nothing]

   It protects you from negative energy.
   It affects your willpower, your defense against some magical effects.
   It protects you against confusion.
 w - a +6 ring of strength (left hand)
Wands
 a - a wand of polymorph (8)
Scrolls
 h - 3 scrolls of remove curse
 q - 2 scrolls of identify
Potions
 b - 3 potions of flight
 m - a potion of ambrosia


   Skills:
 * Level 6.9 Fighting
 * Level 4.5(5.3) Short Blades
 * Level 4.3(5.2) Long Blades
 * Level 4.9(8.5) Axes
 * Level 4.7(6.7) Maces & Flails
 * Level 9.7(10.7) Polearms
 * Level 5.1(8.7) Staves
 * Level 5.9 Throwing
 * Level 5.4 Dodging
 * Level 6.6 Stealth
 * Level 4.5 Shields
 * Level 5.0 Unarmed Combat
 * Level 4.2 Evocations


You had 11 spell levels left.
You didn't know any spells.
Your spell library contained the following spells:

 Spells                   Type           Power        Failure   Level
 Magic Dart               Conj           0%           26%         1
 Blink                    Tloc           N/A          38%         2
 Call Imp                 Summ           0%           38%         2
 Slow                     Hex            0%           38%         2
 Conjure Flame            Conj/Fire      0%           63%         3
 Gell's Gravitas          Tloc           0%           63%         3
 Mephitic Cloud           Conj/Pois/Air  0%           63%         3
 Portal Projectile        Hex/Tloc       0%           63%         3
 Dispersal                Tloc           0%           100%        6
 Disjunction              Tloc           0%           100%        8


Dungeon Overview and Level Annotations

Branches:
Dungeon (10/15)            Temple (0/1) D:6             Orc (2/2) D:10
   Lair: D:8-11         Elf: Orc:2

Altars:
Ashenzari
Dithmenos
Elyvilon
Fedhas
Gozag
Kikubaaqudgha
Makhleb
Nemelex Xobeh
Qazlal
Ru
Uskayaw
Vehumet
Xom
Zin

Shops:
D:4 (   Orc:1 *


Innate Abilities, Weirdness & Mutations

You can spit globs of acid.
Your golden yellow scales are hard. (AC +8)
You cannot fit into any form of body armour.
You are cold-blooded and may be slowed by cold attacks.
You are resistant to acid. (rCorr)
You have a pair of small horns on your head.
Your tail ends in a poisonous barb.
Your skin changes colour to match your surroundings (Stealth+).
You are agile. (Dex +2)
You possess an exceptional clarity of mind.
Your mind is acute. (Int +2)
You have an increased reservoir of magic. (+10% MP)
You are very robust. (+20% HP)


Message History

The troll closely misses you. The troll claws you!
* * * LOW HITPOINT WARNING * * *
The troll barely misses you. The troll closely misses you.
The troll claws you but does no damage. The troll claws you!
* * * LOW HITPOINT WARNING * * *
You hear a shout!
The troll rages.
The orc wizard casts a spell.
The orc wizard blinks!
The troll misses you. The troll claws you!
* * * LOW HITPOINT WARNING * * *
You block the troll's attack.
The orc wizard gestures at you while chanting.
The magic dart hits you but does no damage.
The orc wizard casts a spell.
The orc wizard blinks!
The orc wizard gestures wildly while chanting.
The orc wizard blinks!
The troll bites you!
You die...
Xom is highly amused!

).........).##....)...[.##
........[..[.#........#####
..............._...._).##.##
.................>.........##
..............[.............#
...>.........[...§.........##
...[.....................####
................T#........#.##
................@###.........#
.....)...#.§......#....)#.#.##
#.[.....#o...............####
#..).#####....#.#.#.....###
##.### ##.............#.## ###
##.........#.....#
##.......#.....##
#.....#...#..###
##....#......#####


You could see a troll (berserk) and an orc wizard (fast).

Vanquished Creatures
  A stone giant (Orc:1)
  4 two-headed ogres
  An ogre mage (D:10)
  An orc high priest (Orc:1)
  A wizard (D:9)
  An orc knight (Orc:1)
  2 orc sorcerers (Orc:1)
  An ugly thing (D:9)
  A cyclops (D:8)
  A manticore (D:9)
  Maurice (Orc:1)
  Joseph (D:8)
  Maggie (D:6)
  5 trolls
  Grinder (D:4)
  Sigmund (D:2)
  2 wyverns
  10 yaks
  A vampire (D:9)
  Eustachio (D:4)
  3 wargs (Orc:1)
  Duvessa (D:6)
  A water moccasin (D:9)
  13 orc warriors
  An eye of draining (D:9)
  A sky beast (D:9)
  3 ice beasts
  3 phantoms
  A necrophage (D:8)
  8 ogres
  7 centaurs
  2 big kobolds
  6 bullfrogs
  Dowan (D:6)
  2 scorpions
  14 wights
  A howler monkey (D:8)
  3 bullfrog zombies
  A centaur skeleton (D:7)
  5 hounds
  3 bullfrog skeletons
  12 orc priests
  21 orc wizards
  A gnoll shaman (D:8)
  4 iguanas
  6 worker ants
  2 killer bee zombies
  A hound skeleton (D:7)
  A worker ant zombie (D:9)
  Robin (D:2)
  13 gnolls
  9 adders
  5 shadow imps
  A white imp (D:9)
  An ufetubus (D:6)
  2 oozes
  An adder zombie (D:9)
  A worm (D:2)
  12 dart slugs
  6 leopard geckos
  52 orcs
  7 giant cockroaches
  15 goblins
  7 hobgoblins
  18 jackals
  26 kobolds
  7 quokkas
  2 ball pythons
  7 bats
  2 frilled lizards
  A leopard gecko skeleton (D:5)
  A quokka skeleton (D:9)
  A quokka zombie (D:5)
  9 rats
373 creatures vanquished.

Vanquished Creatures (collateral kills)
  2 wargs (Orc:1)
  2 orc warriors (Orc:1)
  A phantom (D:3)
  6 orcs (Orc:1)
  A jackal (D:3)
  A bat (D:3)
13 creatures vanquished.

Vanquished Creatures (others)
  A bullfrog zombie (D:9)
  2 orc wizards (Orc:2)
3 creatures vanquished.

Grand Total: 389 creatures vanquished

Notes
Turn   | Place    | Note
-------+----------+-------------------------------------------
     0 | D:1      | Mattiprrivan the Draconian Chaos Knight began the quest for
                  | the Orb.
     0 | D:1      | Reached XP level 1. HP: 19/19 MP: 1/1
   202 | D:1      | XOM: silly message
   236 | D:1      | Reached XP level 2. HP: 26/26 MP: 2/2
   472 | D:1      | Reached XP level 3. HP: 27/31 MP: 3/3
   485 | D:1      | XOM: divination: detect creatures
   510 | D:1      | XOM: divination: detect items
   880 | D:1      | XOM: give mutations
   880 | D:1      | Gained mutation: You are weak. (Str -2) [Xom's mischief]
   880 | D:1      | Gained mutation: You are dopey. (Int -2) [Xom's mischief]
  1085 | D:2      | Noticed Robin
  1107 | D:2      | Killed Robin
  1116 | D:2      | Reached skill level 1 in Staves
  1126 | D:2      | Reached XP level 4. HP: 29/40 MP: 4/4
  1172 | D:2      | XOM: god gift: 17 gold pieces
  1188 | D:2      | XOM: 2-stop teleportation journey
  1355 | D:2      | XOM: divination: detect items
  1684 | D:2      | Found an ancient bone altar of Kikubaaqudgha.
  1684 | D:2      | Found a hide-covered altar of Uskayaw.
  1742 | D:2      | Noticed Sigmund
  1745 | D:2      | XOM: potion effect (haste)
  1749 | D:2      | XOM: silly message
  1760 | D:2      | Killed Sigmund
  1761 | D:2      | Reached skill level 4 in Polearms
  1761 | D:2      | Reached skill level 1 in Throwing
  1761 | D:2      | Reached skill level 1 in Stealth
  1761 | D:2      | Reached skill level 1 in Unarmed Combat
  1761 | D:2      | Reached XP level 5. HP: 46/46 MP: 5/5
  2037 | D:3      | Found a faded altar of an unknown god.
  2037 | D:3      | XOM: summons 3 hostile demons
  2097 | D:3      | Noticed a phantom
  2114 | D:3      | Reached XP level 6. HP: 52/52 MP: 6/6
  2117 | D:3      | XOM: cast spell 'Monstrous Menagerie'
  2578 | D:3      | Found a white marble altar of Elyvilon.
  2893 | D:4      | Found Dire's Weapon Shop.
  3022 | D:4      | Noticed Eustachio
  3028 | D:4      | XOM: chaos upgrade
  3036 | D:4      | Killed Eustachio
  3037 | D:4      | Reached skill level 5 in Polearms
  3037 | D:4      | Your scales start taking on a golden yellow colour.
  3037 | D:4      | Reached XP level 7. HP: 34/59 MP: 4/7
  3037 | D:4      | Gained mutation: You are resistant to acid. (rCorr) [Yellow
                  | Draconian growth]
  3120 | D:4      | XOM: cloud trail
  3300 | D:4      | Reached skill level 1 in Axes
  3310 | D:4      | XOM: polymorph orc priest -> killer bee
  3323 | D:4      | XOM: cleaving
  3457 | D:4      | XOM: 3-stop teleportation journey
  3618 | D:4      | XOM: give mutations
  3618 | D:4      | Gained mutation: You possess an exceptional clarity of
                  | mind. [Xom's grace]
  3618 | D:4      | Gained mutation: You are robust. (+10% HP) [Xom's grace]
  3618 | D:4      | Gained mutation: You have a pair of small horns on your
                  | head. [Xom's grace]
  3618 | D:4      | Lost mutation: You are dopey. (Int -2) [Xom's grace]
  3673 | D:4      | Noticed Grinder
  3680 | D:4      | XOM: scenery: summon butterflies
  3681 | D:4      | XOM: confuse monster(s)
  3691 | D:4      | Killed Grinder
  3692 | D:4      | Reached skill level 1 in Maces & Flails
  3692 | D:4      | Reached skill level 1 in Shields
  3805 | D:4      | XOM: god gift: scroll of enchant weapon
  3911 | D:4      | XOM: give mutation
  3911 | D:4      | Gained mutation: Your tail ends in a poisonous barb. [Xom's
                  | grace]
  4005 | D:4      | XOM: god gift: fading rapier {god gift}
  4006 | D:4      | Got a fading rapier {god gift}
  4012 | D:4      | XOM: scenery: summon butterflies
  4226 | D:4      | XOM: cloud trail
  4295 | D:4      | XOM: 2-stop teleportation journey
  4726 | D:4      | Reached XP level 8. HP: 73/73 MP: 8/8
  4822 | D:4      | Identified the +6 rapier "Adegogel" {chaos, +Rage rF+ Int+5
                  | SInv} (Xom gifted it to you on level 4 of the Dungeon)
  4939 | D:5      | Entered Level 5 of the Dungeon
  5291 | D:5      | Reached skill level 6 in Polearms
  5838 | D:5      | XOM: god gift: 22 arrows
  6231 | D:6      | XOM: stealth player
  6281 | D:6      | Reached skill level 1 in Short Blades
  6375 | D:6      | Found the amulet of the Four Winds {rN+ Will+++ Clar}
  6431 | D:6      | Reached skill level 1 in Evocations
  6554 | D:6      | XOM: noise
  6797 | D:6      | Found a sacrificial altar of Ru.
  6813 | D:6      | Found a staircase to the Ecumenical Temple.
  6816 | D:6      | Noticed Maggie
  6840 | D:6      | Killed Maggie
  6841 | D:6      | Reached XP level 9. HP: 76/80 MP: 9/9
  6918 | D:6      | Noticed Dowan
  6919 | D:6      | Noticed Duvessa
  6939 | D:6      | Killed Duvessa
  6943 | D:6      | Killed Dowan
  6991 | D:6      | Found a blossoming altar of Fedhas.
  6991 | D:6      | Found a radiant altar of Vehumet.
  6992 | D:6      | Found a stormy altar of Qazlal.
  7162 | D:6      | Reached skill level 5 in Fighting
  7237 | D:7      | XOM: noise
  7252 | D:7      | Reached skill level 1 in Long Blades
  7331 | D:7      | XOM: silly message
  7382 | D:7      | XOM: summons 2 hostile demons
  7419 | D:7      | XOM: chaos upgrade
  7454 | D:7      | XOM: stat loss: -1 Dex (11/12)
  7695 | D:7      | XOM: enchant monster (good)
  7780 | D:7      | Found a burning altar of Makhleb.
  8216 | D:8      | Reached skill level 7 in Polearms
  8241 | D:8      | XOM: fog
  8301 | D:8      | XOM: god gift: pair of boots {god gift}
  8317 | D:8      | Noticed a cyclops
  8326 | D:8      | XOM: confuse monster(s)
  8339 | D:8      | Killed a cyclops
  8362 | D:8      | Reached XP level 10. HP: 64/89 MP: 10/10
  8476 | D:8      | Noticed a two-headed ogre
  8486 | D:8      | Killed a two-headed ogre
  8561 | D:8      | XOM: give mutations
  8561 | D:8      | Gained mutation: You have an increased reservoir of magic.
                  | (+10% MP) [Xom's grace]
  8561 | D:8      | Gained mutation: You are agile. (Dex +2) [Xom's grace]
  8561 | D:8      | Gained mutation: Your skin changes colour to match your
                  | surroundings (Stealth+). [Xom's grace]
  8561 | D:8      | Gained mutation: You are very agile. (Dex +4) [Xom's grace]
  8917 | D:8      | XOM: divination: magic mapping
  9105 | D:8      | Noticed Joseph
  9110 | D:8      | XOM: enchant monster (good)
  9115 | D:8      | Killed Joseph
  9116 | D:8      | Reached skill level 8 in Polearms
  9116 | D:8      | XOM: cloud trail
  9306 | D:8      | Found an opulent altar of Gozag.
  9306 | D:8      | Found a sparkling altar of Nemelex Xobeh.
  9483 | D:9      | Reached skill level 5 in Stealth
  9486 | D:9      | Noticed a wizard
  9508 | D:9      | Killed a wizard
  9512 | D:9      | Noticed a green ugly thing
  9532 | D:9      | Killed a green ugly thing
  9535 | D:9      | XOM: silly message
  9545 | D:9      | Reached XP level 11. HP: 61/97 MP: 12/12
  9597 | D:9      | Noticed a two-headed ogre
  9603 | D:9      | Killed a two-headed ogre
  9661 | D:9      | Identified the cursed +0 trident "Fantuyd" {pain, Str+4}
 10053 | D:9      | XOM: potion effect (curing)
 10135 | D:9      | Found a broken altar of Ashenzari.
 10135 | D:9      | XOM: 1-stop teleportation journey
 10154 | D:9      | XOM: give mutations
 10154 | D:9      | Lost mutation: You are weak. (Str -2) [Xom's mischief]
 10154 | D:9      | Gained mutation: You are very robust. (+20% HP) [Xom's
                  | mischief]
 10154 | D:9      | Lost mutation: You are very agile. (Dex +4) [Xom's
                  | mischief]
 10194 | D:9      | XOM: 2-stop teleportation journey
 10272 | D:9      | Found a shadowy altar of Dithmenos.
 10298 | D:9      | XOM: noise
 10391 | D:9      | Found a glowing silver altar of Zin.
 10407 | D:9      | Found a burning altar of Makhleb.
 10574 | D:9      | Reached skill level 5 in Throwing
 10706 | D:9      | Found a shimmering altar of Xom.
 10706 | D:9      | Found a hide-covered altar of Uskayaw.
 10706 | D:9      | XOM: 1-stop teleportation journey
 10793 | D:9      | Reached skill level 5 in Dodging
 11630 | D:10     | Entered Level 10 of the Dungeon
 11796 | D:10     | Reached skill level 9 in Polearms
 11924 | D:10     | XOM: torment (58/108 hp)
 12092 | D:10     | XOM: 3-stop teleportation journey
 12203 | D:10     | Found a staircase to the Orcish Mines.
 12532 | D:10     | Noticed a two-headed ogre
 12533 | D:10     | XOM: destruction
 12534 | D:10     | XOM: silly message
 12541 | D:10     | Killed a two-headed ogre
 12619 | Orc:1    | Entered Level 1 of the Orcish Mines
 12619 | Orc:1    | Noticed a stone giant
 12624 | Orc:1    | XOM: repel stairs
 12627 | Orc:1    | XOM: summons 8 friendly demons
 12630 | Orc:1    | Killed a stone giant
 12642 | Orc:1    | Noticed Maurice
 12644 | Orc:1    | Noticed an orc knight
 12701 | Orc:1    | XOM: cast spell 'Call Canine Familiar'
 12708 | Orc:1    | XOM: scenery: create altars
 12711 | Orc:1    | Killed an orc knight
 12861 | Orc:1    | XOM: give mutation
 12861 | Orc:1    | Gained mutation: Your mind is acute. (Int +2) [Xom's grace]
 12884 | Orc:1    | XOM: summons 3 friendly demons
 12889 | Orc:1    | Noticed a two-headed ogre
 12892 | Orc:1    | Noticed an orc sorcerer
 12898 | Orc:1    | Noticed a soul eater
 12898 | Orc:1    | Killed a two-headed ogre
 12901 | Orc:1    | Killed an orc sorcerer
 12902 | Orc:1    | Reached XP level 12. HP: 71/116 MP: 13/13
 12907 | Orc:1    | Noticed an orc high priest
 12908 | Orc:1    | Noticed an ogre mage
 12930 | Orc:1    | Killed Maurice
 12932 | Orc:1    | XOM: enchant monster (good)
 12934 | Orc:1    | XOM: fake destruction
 12953 | Orc:1    | Reached skill level 5 in Staves
 13036 | Orc:1    | HP: 4/116 [something (9)]
 13316 | D:10     | XOM: god gift: 52 gold pieces
 13459 | D:10     | XOM: torment (10/116 hp)
 13477 | D:10     | Killed an ogre mage
 13792 | Orc:1    | XOM: enchant monster (bad)
 13799 | Orc:1    | Reached skill level 5 in Unarmed Combat
 14127 | Orc:1    | XOM: summons friendly ufetubus
 14135 | Orc:1    | Killed an orc high priest
 14282 | Orc:1    | Found Maluaj's General Store.
 14301 | Orc:1    | Bought a scroll of identify for 30 gold pieces
 14479 | Orc:2    | Entered Level 2 of the Orcish Mines
 14715 | Orc:1    | HP: 5/116 [troll (10)]
 14717 | Orc:1    | Mangled by a troll

Illustrated notes

Levels and vault maps discovered:
D:1:      lemuel_arrival_rhombus, layout_loops_ring, minmay_misc_feat_five
D:2:      layout_loops_ring, gammafunk_temple_overflow_pools, uniq_robin,
          uniq_sigmund
D:3:      layout_loops_cross, lemuel_crystal_altar,
          chequers_ecumenical_altar_island
D:4:      kennysheep_slugbush, layout_basic, serial_shops,
          kennysheep_little_box, uniq_eustachio, uniq_grinder
D:5:      layout_loops_ring, roderic_lattice_a, eino_tiny_chamber
D:6:      layout_basic, general_overflow_altar, gammafunk_temple_overflow_claw,
          minmay_temple_entry_large_hall, uniq_maggie, uniq_duvessa
D:7:      layout_rooms, lemuel_crystal_altar, nicolae_overflow_hidden_temple
D:8:      layout_loops_cross, grunt_temple_overflow_opulence, uniq_joseph
D:9:      minmay_the_grid_octo_tiled_squarecenter
          [minmay_the_grid_octo_fat_diamond, minmay_the_grid_octo_pinwheel,
          minmay_the_grid_octo_clover_2, minmay_the_grid_octo_shrine,
          minmay_the_grid_square_5x5_megaprize_checkered,
          minmay_the_grid_square_5x5_half_checkered,
          minmay_the_grid_square_5x5_hollow_slash,
          minmay_the_grid_square_5x5_two_walls_b,
          minmay_the_grid_square_5x5_hourglass], layout_long_grid,
          evilmike_ruin_ashenzari, grunt_dithmenos_smoke_and_mirrors
D:10:     layout_long_grid, orc_0_dummy
Orc:1:    layout_caves, guppyfry_orc_lava_fort, uniq_maurice
Orc:2:    st_orc_rangers, layout_diamond_mine, serial_shops,
          nicolae_shop_crystal, shop, shop_fountains, shop

Skill      XL: |  1  2  3  4  5  6  7  8  9 10 11 12 |
---------------+-------------------------------------+-----
Staves         | 1 2 3 4 5 |  5.1
Fighting       | 4 5 6 |  6.9
Polearms       | 4 5 6 7 8 9 |  9.7
Throwing       | 1 2 3 4 5 |  5.9
Dodging        | 3 4 5 |  5.4
Stealth        | 1 2 4 5 6 |  6.6
Unarmed Combat | 1 2 3 4 5 |  5.0
Axes           | 1 2 3 4 |  4.9
Maces & Flails | 1 2 3 4 |  4.7
Shields        | 1 2 3 4 |  4.5
Short Blades   | 1 2 3 4 |  4.5
Evocations     | 1 2 3 4 |  4.2
Long Blades    | 2 3 4 |  4.3

Action                   |  1- 3 |  4- 6 |  7- 9 | 10-12 || total
-------------------------+-------+-------+-------+-------++-------
Melee: Spear             |   102 |   147 |   258 |       ||   507
       Tailslap          |     6 |    12 |    25 |    48 ||    91
       Headbutt          |       |       |    32 |    59 ||    91
       Rapier            |       |       |    19 |       ||    19
       Trident           |       |       |    81 |   385 ||   466
Throw: Dart              |       |    36 |    80 |   137 ||   253
 Abil: Breathe Acid      |       |       |    19 |     7 ||    26
Evoke: Wand              |       |       |    14 |    41 ||    55
  Use: Potion            |     2 |     5 |     5 |     8 ||    20
       Scroll            |     3 |    10 |     5 |    15 ||    33
 Stab: Sleeping          |     2 |     5 |     6 |    10 ||    23
       Distracted        |       |     1 |     2 |     2 ||     5
       Confused          |       |       |     3 |       ||     3
       Paralysed         |       |       |     5 |     7 ||    12
       Petrifying        |       |       |       |     1 ||     1
       Fleeing           |       |       |       |     1 ||     1
Armor: Skin              |    19 |    37 |    36 |    89 ||   181
Dodge: Dodged            |    34 |    68 |   117 |   164 ||   383
Block: Buckler           |       |     1 |    52 |    63 ||   116
